 Dungeon Crawl Stone Soup version 0.17-a0-1115-g0372368 (webtiles) character file.

11779 Gorice the Basher (level 11, -6/75 HPs)
             Began as a Gargoyle Wanderer on May 23, 2015.
             Was a High Priest of Okawaru.
             Engulfed by a cloud of freezing vapour (29 damage)
             ... in an ice cave.
             The game lasted 01:08:30 (12561 turns).

Gorice the Basher (Gargoyle Wanderer)              Turns: 12561, Time: 01:08:30

Health: -6/75      AC: 17    Str: 18    XL:     11   Next: 83%
Magic:  11/11      EV:  9    Int: 12    God:    Okawaru [*****.]
Gold:   488        SH:  0    Dex: 11    Spells: 0 memorised, 10 levels left

rFire  . . .     SeeInvis +     a - +3 flail (crush)
rCold  . . .     Clarity  .     D - +2 scale mail {rN+}
rNeg   + + .     SustAt   .     (no shield)
rPois  ∞         Gourm    .     S - +2 hat
rElec  +         Spirit   .     (no cloak)
rCorr  .         Warding  .     (no gloves)
rMut   .         Stasis   .     (no boots)
MR     .....                    i - amulet of rage
Stlth  ..........               (no ring)
                                j - ring of see invisible

@: not resistant to hostile enchantments, extremely unstealthy
A: negative energy resistance 1, electricity resistance, unbreathing,
petrification resistance, rot immunity, AC +7
a: Heroism, Finesse, Renounce Religion, Evoke Berserk Rage


You were in an ice cave.
You worshipped Okawaru.
Okawaru was extremely pleased with you.
You were not hungry.

You visited 3 branches of the dungeon, and saw 12 of its levels.
You also visited: Sewer and Ice Cave.

You collected 488 gold pieces.

Inventory:

Hand weapons
 a - a +3 flail of crushing (weapon)
   (You took it off Edmund on level 4 of the Dungeon)
 b - a +0 arbalest
 h - a +3 quick blade
 v - a +2 whip of venom
   (You found it on level 9 of the Dungeon)
 w - a +4 flail of holy wrath
   (You took it off an orc priest on level 7 of the Dungeon)
 B - a +0 blowgun
Missiles
 l - 70 poisoned needles
 u - 15 poisoned bolts
 y - 11 tomahawks (quivered)
 Q - 19 bolts
 Z - 366 stones
Armour
 D - a +2 scale mail of positive energy (worn)
   (You took it off Edmund on level 4 of the Dungeon)
 S - a +2 hat (worn)
Jewellery
 g - an uncursed amulet of resist corrosion
 i - an amulet of rage (around neck)
 j - a ring of see invisible (left hand)
 m - an uncursed ring of fire
Magical devices
 d - a wand of flame (25)
 C - a wand of teleportation (8) {!d}
 K - a wand of paralysis (12)
 L - a wand of polymorph (9)
 O - a wand of lightning (6)
 T - a wand of slowing (27)
Scrolls
 p - a scroll of teleportation {!r}
 s - 5 scrolls of remove curse
 x - a scroll of fog
Potions
 c - 7 potions of curing
 k - 2 potions of ambrosia {!q}
 o - 4 potions of might {!q}
 E - a potion of brilliance {unknown}
 F - 2 potions of agility {unknown}
 H - 3 potions of flight {unknown}
 I - a potion of haste {unknown}
 J - a potion of cancellation {unknown}
 N - a potion of lignification {unknown}
 R - 8 potions of heal wounds {!q}
Comestibles
 e - 7 bread rations {!e}
 P - 20 fruits


   Skills:
 - Level 11.6 Fighting
 - Level 1.7 Short Blades
   Level 5.4(9.9) Axes
 - Level 13.6(14.0) Maces & Flails
 * Level 1.1 Armour
 - Level 1.0 Dodging
 - Level 1.1 Stealth
 + Level 0.0 Invocations
 - Level 1.0 Evocations


You had 10 spell levels left.
You didn't know any spells.

Dungeon Overview and Level Annotations

Branches:
Dungeon (9/15)             Temple (1/1) D:6            Lair (2/8) D:9
    Orc: D:9-12

Altars:
Ashenzari
Cheibriados
Dithmenos
Elyvilon
Fedhas
Gozag
Kikubaaqudgha
Makhleb
Nemelex Xobeh
Okawaru
Qazlal
Ru
Sif Muna
Trog
Vehumet
Xom
Yredelemnul
Zin
The Shining One

Shops:
D:8 (


Innate Abilities, Weirdness & Mutations

You are resistant to torment.
Your stone body is resilient (AC +7).
You are immune to poison.
You resist negative energy.
You are resistant to electric shocks.
You can survive without breathing.
You are immune to petrification.
You are immune to rotting.


Message History

You butcher the yak corpse.
You enjoyed that.
You are no longer berserk.
You are exhausted.
You stop butchering the corpse.
You feel yourself slow down.
You are feeling very hungry.
Damage: 9 (max 9) Eat one of 26 chunks of flesh? (ye/n/q/i?) This raw flesh tastes terrible.
Magic restored.
You continue eating. x2
You see here a wolf corpse.
You butcher the wolf corpse.
f - 29 chunks of flesh (gained 4)
f - 30 chunks of flesh (gained 1);
f - 34 chunks of flesh (gained 4)
You see here a polar bear corpse.
You see here a polar bear corpse.
You butcher the polar bear corpse.
You feel like a meek peon again.
f - 39 chunks of flesh (gained 5)
There isn't anything here!
There isn't anything here!
There isn't anything here!
There isn't anything here!
There isn't anything here!
There isn't anything here!
You start resting.
Some of the chunks of flesh in your inventory have rotted away.
You start resting.
You feel yourself speed up.
You start resting.
You feel less exhausted.
You start resting.
Some of the chunks of flesh in your inventory have rotted away.
You start resting.
Eating one of 14 chunks of flesh.
This raw flesh tastes terrible.
You continue eating. x2
All of the chunks of flesh in your inventory have rotted away.
You start resting.
HP restored.
Found a scale mail.
Found a scorched long sword.
You are engulfed in freezing vapours.
Damage: 23 (max 23)
You are engulfed in freezing vapours.
Damage: 16 (max 23)
You start resting.
You are engulfed in freezing vapours.
* * * LOW HITPOINT WARNING * * *
Damage: 14 (max 14) Unknown command.
You are engulfed in freezing vapours.
You die...

###...#.##
##..#...[.###
#..####..##∩.
#§§###..####.
##§§§##..# #..
###
##§§§##...####.
#.§#
#§§.####...####
#..§#####§#
###...##
#§@§##.#§#
##...#
####§§§§##
##... ######
###. ##


There were no monsters in sight!

Vanquished Creatures
  Joseph (D:8)
  3 spiny frogs
  A komodo dragon (Lair:1)
  A troll (D:9)
  2 polar bears (IceCv)
  Grinder (D:4)
  2 two-headed ogres
  6 slime creatures
  7 yaks
  A basilisk (Lair:2)
  Grum (D:9)
  A wyvern (D:8)
  3 hippogriffs (Lair:1)
  Edmund (D:4)
  9 wolves
  3 water moccasins (Lair:1)
  3 porcupines (Lair:1)
  2 orc warriors
  A black bear (D:7)
  An ice beast (D:9)
  A necrophage (D:7)
  An ogre (D:9)
  A phantom (D:4)
  2 crocodiles (Lair:2)
  3 centaurs
  4 big kobolds
  7 giant frogs
  A water moccasin skeleton (D:7)
  2 scorpions
  16 killer bees
  3 wights
  An electric eel (D:9)
  2 centaur zombies
  3 crimson imps
  10 hounds
  A jelly (D:8)
  6 orc wizards
  5 iguanas
  6 worker ants
  A giant frog zombie (D:6)
  3 orc priests
  A killer bee zombie (D:6)
  A hound skeleton (D:9)
  3 worker ant zombies
  4 gnolls
  14 river rats
  A shadow imp (D:9)
  12 adders
  An ooze (Sewer)
  2 adder zombies
  2 worms
  An adder skeleton (D:4)
  5 giant geckos
  29 orcs
  6 ball pythons
  18 bats
  2 bat skeletons
  10 giant cockroaches
  14 goblins
  16 hobgoblins
  39 kobolds
  A giant gecko skeleton (D:4)
  5 giant newts
  13 jackals
  A jackal skeleton (D:5)
  2 quokkas
  2 quokka skeletons
  34 rats
368 creatures vanquished.

Vanquished Creatures (others)
  A kobold (D:7)
1 creature vanquished.

Grand Total: 369 creatures vanquished

Notes
Turn   | Place    | Note
--------------------------------------------------------------
     0 | D:1      | Gorice the Gargoyle Wanderer began the quest for the Orb.
     0 | D:1      | Gorice set off with: a +2 short sword, a +0 hand axe, a potion of curing, a +0 robe, a bread ration {!e}
     0 | D:1      | Reached XP level 1. HP: 12/12 MP: 1/1
   107 | D:1      | Reached XP level 2. HP: 9/17 MP: 2/2
   115 | D:1      | HP: 5/17 [giant cockroach (2)]
   120 | D:1      | Reached skill level 3 in Axes
   584 | D:1      | Reached skill level 2 in Fighting
   906 | D:1      | Reached XP level 3. HP: 21/21 MP: 3/3
  1860 | D:2      | Reached XP level 4. HP: 27/27 MP: 4/4
  2336 | D:3      | Reached skill level 3 in Fighting
  2336 | D:3      | Reached skill level 4 in Axes
  2401 | D:3      | Found a snail-covered altar of Cheibriados.
  2468 | D:3      | Reached XP level 5. HP: 29/32 MP: 5/5
  2603 | D:3      | Noticed an ogre
  2710 | D:3      | Found a sparkling altar of Nemelex Xobeh.
  2941 | D:3      | You fall through a shaft!
  2992 | D:4      | Noticed Edmund
  3015 | D:4      | Reached skill level 5 in Axes
  3015 | D:4      | Reached XP level 6. HP: 33/38 MP: 6/6
  3032 | D:4      | Killed Edmund
  3032 | D:4      | Reached skill level 4 in Fighting
  3148 | D:4      | Reached skill level 1 in Maces & Flails
  3289 | D:4      | Found a blossoming altar of Fedhas.
  3290 | D:4      | Found an ancient bone altar of Kikubaaqudgha.
  3351 | D:4      | Noticed a phantom
  3362 | D:4      | Killed a phantom
  3362 | D:4      | Reached skill level 2 in Maces & Flails
  3362 | D:4      | Reached XP level 7. HP: 41/44 MP: 7/7
  3402 | D:4      | Noticed Grinder
  3419 | D:4      | Killed Grinder
  3419 | D:4      | Reached skill level 5 in Fighting
  3419 | D:4      | Reached skill level 3 in Maces & Flails
  3626 | D:4      | Reached skill level 4 in Maces & Flails
  3749 | D:5      | Entered Level 5 of the Dungeon
  4049 | D:5      | Found a glowing drain.
  4053 | Sewer    | Entered a sewer
  4218 | Sewer    | Reached XP level 8. HP: 45/51 MP: 8/8
  4462 | Sewer    | Reached skill level 6 in Fighting
  4462 | Sewer    | Reached skill level 5 in Maces & Flails
  4773 | D:5      | Found a burning altar of Makhleb.
  4966 | D:6      | Found a shadowy altar of Dithmenos.
  5354 | D:6      | Found a basalt altar of Yredelemnul.
  5360 | D:6      | Found a glowing golden altar of the Shining One.
  5366 | D:6      | Noticed an angel
  5391 | D:6      | Reached skill level 6 in Maces & Flails
  5586 | D:6      | Found a staircase to the Ecumenical Temple.
  5615 | Temple   | Entered the Ecumenical Temple
  5960 | D:7      | Reached skill level 7 in Fighting
  6262 | D:7      | Reached skill level 7 in Maces & Flails
  6302 | D:7      | Reached XP level 9. HP: 47/57 MP: 9/9
  6715 | D:7      | Found an iron altar of Okawaru.
  6723 | D:7      | Became a worshipper of Warmaster Okawaru
  6871 | D:7      | Found a bloodstained altar of Trog.
  6922 | D:7      | Found a sparkling altar of Nemelex Xobeh.
  7139 | D:8      | Reached skill level 8 in Maces & Flails
  7339 | D:7      | Reached skill level 8 in Fighting
  7379 | D:8      | Acquired Okawaru's first power
  7792 | D:8      | Found Motomm's Weapon Shoppe.
  7945 | D:8      | Reached skill level 9 in Maces & Flails
  7979 | D:8      | Noticed Joseph
  7997 | D:8      | Killed Joseph
  8159 | D:8      | HP: 17/60 [two-headed ogre/giant spiked club (10)]
  8182 | D:7      | HP: 18/60 [two-headed ogre/giant spiked club (4)]
  8470 | D:7      | Reached skill level 9 in Fighting
  8470 | D:7      | Reached XP level 10. HP: 55/66 MP: 10/10
  8495 | D:7      | Reached skill level 10 in Maces & Flails
  9025 | D:9      | Noticed Grum
  9185 | D:9      | Killed Grum
  9263 | D:9      | Reached skill level 11 in Maces & Flails
  9626 | D:8      | Reached skill level 10 in Fighting
 10231 | D:9      | Found an opulent altar of Gozag.
 10442 | D:9      | Reached skill level 12 in Maces & Flails
 10442 | D:9      | Reached XP level 11. HP: 57/73 MP: 11/11
 10706 | D:9      | Found a staircase to the Lair.
 11011 | Lair:1   | Entered Level 1 of the Lair of Beasts
 11495 | Lair:1   | Reached skill level 11 in Fighting
 11503 | Lair:1   | Acquired Okawaru's second power
 11963 | Lair:2   | Reached skill level 13 in Maces & Flails
 12054 | Lair:2   | Found a frozen archway.
 12195 | IceCv    | Entered an ice cave
 12253 | IceCv    | Received a gift from Okawaru
 12290 | IceCv    | HP: 31/112 [wolf (6)]
 12560 | IceCv    | HP: 22/75 [something (16)]
 12561 | IceCv    | Engulfed by a cloud of freezing vapour

Vault maps used:
D:1:      lightli_iron_boxes
D:2:      kennysheep_flooded_box
D:3:      old_standard_altar, nemelex_diamond_rough_becter
D:4:      grunt_temple_overflow_growth_and_decay, first_bread, uniq_edmund,
          uniq_grinder
D:5:      old_standard_altar, gup_sewer_entry_spiral
D:6:      grunt_temple_overflow_holy_war, lemuel_crystal_altar,
          minmay_temple_entry_nine_rooms, kennysheep_generic_room_12
D:7:      okawaru_altar_gauntlet_db, lemuel_round_altar, kennysheep_little_box
D:8:      serial_shops, shop, uniq_joseph
D:9:      grunt_gozag_breadcrumbs, erik_lair_island, uniq_grum
Temple:   jpeg_temple_alley_garden_8
Lair:1:   lemuel_fruit_tree
Lair:2:   portal_ice_cave_entry_pillars_02, grunt_forest_small_clearings,
          grunt_megastairs_4
Sewer:    sewer_minmay_treatment
IceCv:    ice_cave_caverns_03

Action                   |  1- 3 |  4- 6 |  7- 9 | 10-12 || total
-------------------------+-------+-------+-------+-------++-------
Melee: Hand axe          |   121 |       |       |       ||   121
       War axe           |    78 |   189 |       |       ||   267
       Flail             |       |    29 |   479 |   495 ||  1003
 Fire: Hunting sling     |       |       |     4 |    73 ||    77
       Blowgun           |       |       |     3 |    20 ||    23
       Arbalest          |       |       |       |    16 ||    16
       Hand crossbow     |       |       |       |    12 ||    12
Throw: Stone             |     8 |     6 |     4 |       ||    18
       Tomahawk          |       |       |     3 |     2 ||     5
Invok: Heroism           |       |       |     1 |     1 ||     2
 Abil: Evoke Berserk Rag |       |       |       |     5 ||     5
  Use: Scroll            |     7 |     2 |     8 |     4 ||    21
       Potion            |       |     1 |     1 |       ||     2
  Eat: Chunk             |     3 |     6 |    15 |    16 ||    40
       Beef jerky        |       |       |     1 |     1 ||     2

Table legend:
 A = Turns spent in this place as a percentage of turns spent in the entire game.
 B = Non-inter-level travel turns spent in this place as a percentage of non-inter-level travel turns spent in the entire game.
 C = Inter-level travel turns spent in this place as a percentage of turns spent in this place.
 D = Turns resting spent in this place as a percentage of non-inter-level travel turns spent in this place.
 E = Turns spent auto-exploring this place as a percentage of non-inter-level travel turns spent in this place.
 F = Non-inter-level travel turns spent in this place divided by the number of levels of this place that you've seen.
                   A       B       C       D       E      F
               +-------+-------+-------+-------+-------+----------------------
         Total | 100.0 | 100.0 |   0.3 |   1.7 |   3.4 | 408.6
       Dungeon |  79.0 |  78.9 |   0.4 |   1.6 |   4.0 | 501.8
        Temple |   0.6 |   0.6 |   2.7 |  11.1 |   5.6 |  36.0
          Lair |  10.6 |  10.6 |   0.3 |   1.5 |   2.3 | 302.5
         Sewer |   7.7 |   7.7 |   0.0 |   0.0 |   0.2 | 443.0
      Ice Cave |   2.1 |   2.1 |   0.0 |   9.9 |   0.0 | 121.0
               +-------+-------+-------+-------+-------+----------------------

Vault maps used:
D:1:      lightli_iron_boxes
D:2:      kennysheep_flooded_box
D:3:      old_standard_altar, nemelex_diamond_rough_becter
D:4:      grunt_temple_overflow_growth_and_decay, first_bread, uniq_edmund,
          uniq_grinder
D:5:      old_standard_altar, gup_sewer_entry_spiral
D:6:      grunt_temple_overflow_holy_war, lemuel_crystal_altar,
          minmay_temple_entry_nine_rooms, kennysheep_generic_room_12
D:7:      okawaru_altar_gauntlet_db, lemuel_round_altar, kennysheep_little_box
D:8:      serial_shops, shop, uniq_joseph
D:9:      grunt_gozag_breadcrumbs, erik_lair_island, uniq_grum
Temple:   jpeg_temple_alley_garden_8
Lair:1:   lemuel_fruit_tree
Lair:2:   portal_ice_cave_entry_pillars_02, grunt_forest_small_clearings,
          grunt_megastairs_4
Sewer:    sewer_minmay_treatment
IceCv:    ice_cave_caverns_03
